 Dungeon Crawl Stone Soup version 0.28-a0-883-gc8d7bad45d (webtiles) character file.

Game seed: 7114878402198933243

324 horus123 the Shield-Bearer (level 6, 0/53 HPs)
             Began as a Hill Orc Fighter on Nov 22, 2021.
             Slain by an orc wizard (16 damage)
             ... on level 4 of the Dungeon.
             The game lasted 00:04:09 (3651 turns).

horus123 the Shield-Bearer (Hill Orc Fighter)       Turns: 3651, Time: 00:04:11

Health: 0/53       AC:  7    Str: 21    XL:     6   Next: 48%
Magic:  6/6        EV:  6    Int:  8    God:
Gold:   154        SH: 13    Dex: 10    Spells: 5/5 levels left

rFire   . . .      SeeInvis .   a - +0 war axe
rCold   . . .      Faith    .   j - +0 tower shield
rNeg    . . .      Spirit   .   b - +0 scale mail
rPois   .          Reflect  .   (no helmet)
rElec   .          Harm     .   (no cloak)
rCorr   .          Rampage  .   (no gloves)
Will    .....                   (no boots)
Stlth   ..........              (no amulet)
HPRegen 0.17/turn               (no ring)
MPRegen 0.10/turn               (no ring)

@: lethally poisoned (0 -> -3)
A: no striking features
a: no special abilities


You were on level 4 of the Dungeon.
You visited 1 branch of the dungeon, and saw 4 of its levels.

You collected 154 gold pieces.

Inventory:

Hand Weapons
 a - a +0 war axe (weapon)
Armour
 b - a +0 scale mail (worn)
 c - a +0 buckler
 d - a +1 ring mail of poison resistance
 h - a scarf of harm
 j - a +0 tower shield (worn)
Jewellery
 o - a ring of fire
Scrolls
 g - a scroll of teleportation
 l - a scroll of vulnerability
Potions
 e - a potion of haste {unknown}
 f - a potion of lignification {unknown}
 i - 2 potions of berserk rage {unknown}
 m - a potion of degeneration {unknown}
 q - a potion of heal wounds {unknown}


   Skills:
 - Level 4.7 Fighting
 - Level 4.7 Axes
 - Level 4.1 Armour
 - Level 0.3 Dodging
 + Level 5.8 Shields


You had 5 spell levels left.
You didn't know any spells.
Your spell library was empty.

Dungeon Overview and Level Annotations

Branches:
Dungeon (4/15)
 Temple: D:4-7

Altars:


Message History

The scorpion stings you.
You hear some strange, mumbled words.
Something tries to affect you, but you resist.
You closely miss the scorpion. You block the scorpion's attack.
The scorpion stings you.
You hear some strange, mumbled words.
A puff of flame appears from out of thin air!
The puff of flame hits you.
You closely miss the scorpion. You barely miss something.
The scorpion stings you.
You are poisoned.
The scorpion poisons you!
You hear some strange, mumbled words.
A puff of flame appears from out of thin air!
You block the puff of flame.
The scorpion stings you but does no damage.
You closely miss the scorpion. You miss something.
You feel very sick.
The scorpion stings you but does no damage.
Something hits you but does no damage.
An orc comes into view. It is wielding a +0 hand axe.
You block the scorpion's attack. Something hits you.
You are electrocuted!
You completely miss the scorpion.
Your scale mail prevents you from hitting something.
You feel very sick. The scorpion barely misses you. Something hits you.
You block the scorpion's attack.
You slash the scorpion!
The scorpion is heavily wounded.
You hit something but do no damage.
You feel sick. You block the scorpion's attack. Something hits you.
The scorpion stings you but does no damage.
The orc hits you but does no damage.
You hit the scorpion but do no damage.
The scorpion is moderately wounded.
You slash the orc!
You kill the orc!
You miss something.
You feel sick. You block the scorpion's attack.
Something hits you but does no damage.
You are electrocuted!
You die...

.... .#.# #..#
#..# ... #..# #..#
##..# #..#
...##.s.## #..#
......)@.#####...#
##....#))..##...#
#... ###......##
##.
###.....#####.. #
##........... .###
#.........>.
....###..###....#
........###....#
........###...#


You could see a scorpion.

Vanquished Creatures
  An ogre (D:3)
  A jelly (D:4)
  Natasha (twice) (D:3)
  4 gnolls (D:2)
  5 adders (D:2)
  4 worms
  2 dart slugs
  7 orcs (D:4)
  4 bats
  11 endoplasms
  4 giant cockroaches
  4 goblins
  3 hobgoblins
  3 kobolds
  7 ball pythons
  4 frilled lizards
  4 rats
70 creatures vanquished.

Notes
Turn   | Place    | Note
-------+----------+-------------------------------------------
     0 | D:1      | horus123 the Hill Orc Fighter began the quest for the Orb.
     0 | D:1      | Reached XP level 1. HP: 19/19 MP: 1/1
   135 | D:1      | Reached XP level 2. HP: 20/27 MP: 2/2
   790 | D:2      | Reached XP level 3. HP: 14/33 MP: 3/3
  1281 | D:2      | Reached XP level 4. HP: 34/40 MP: 4/4
  1679 | D:2      | Reached XP level 5. HP: 46/47 MP: 5/5
  2367 | D:3      | Noticed Natasha
  2380 | D:3      | Killed Natasha
  2381 | D:3      | Reached skill level 4 in Shields
  2830 | D:3      | Noticed an ogre
  2837 | D:3      | Killed an ogre
  2838 | D:3      | Reached skill level 5 in Shields
  2838 | D:3      | Reached XP level 6. HP: 24/53 MP: 6/6
  3134 | D:3      | Noticed Natasha
  3145 | D:3      | Killed Natasha
  3651 | D:4      | Slain by an orc wizard

Illustrated notes

Levels and vault maps discovered:
D:1:      amcnicky_arrival_wind_blow, layout_loops_ring
D:2:      layout_rooms, minmay_door_square
D:3:      layout_loops_corners, minmay_starry_boxes, uniq_natasha
D:4:      layout_layer_cave, uniq_grinder

Skill      XL: |  1  2  3  4  5 |
---------------+----------------+-----
Axes           | 3 4 |  4.7
Fighting       | 4 |  4.7
Armour         | 4 |  4.1
Shields        | 5 |  5.8
Dodging        | |  0.3

Action                   |  1- 3 |  4- 6 || total
-------------------------+-------+-------++-------
Melee: War axe           |    68 |   152 ||   220
  Use: Scroll            |     1 |     7 ||     8
       Potion            |       |     1 ||     1
Armor: Scale mail        |    33 |    72 ||   105
Dodge: Dodged            |    36 |    56 ||    92
Block: Buckler           |    25 |    21 ||    46
       Tower shield      |       |    63 ||    63

Table legend: (Time is in decaauts)
 A = Elapsed time spent in this place.
 B = Non-inter-level travel time spent in this place.
 C = Inter-level travel time spent in this place.
 D = Time resting spent in this place.
 E = Time spent auto-exploring this place.
 F = Levels seen in this place.
 G = Mean time per level.
                   A        B        C        D        E       F      G
               +--------+--------+--------+--------+--------+-----+--------+
         Total |   3770 |   3704 |     66 |    455 |   2649 |   4 |  942.5 |
       Dungeon |   3770 |   3704 |     66 |    455 |   2649 |   4 |  942.5 |
               +--------+--------+--------+--------+--------+-----+--------+

Top non-repeatable levels by time:
     D:3: 1470 daAuts
     D:2: 1304 daAuts
     D:1: 790 daAuts
     D:4: 204 daAuts
